 Dungeon Crawl Stone Soup version 0.31-a0-16-g6d2539766c (webtiles) character file.

Game seed: 6965964603831757375

455 lunkers the Firebug (level 7, -12/50 HPs)
             Began as a Meteoran Fire Elementalist on May 8, 2023.
             Was an Initiate of Gozag.
             Mangled by Duvessa
             ... wielding a +0 rapier
              (15 damage)
             ... on level 5 of the Dungeon.
             The game lasted 00:05:48 (1238 turns).

lunkers the Firebug (Meteoran Fire Elementalist)    Turns: 1238, Time: 00:05:49

Health: -12/50     AC:  2    Str:  9    XL:     7   Next: 51%
Magic:  12/16      EV: 12    Int: 19    God:    Gozag
Gold:   34         SH:  0    Dex: 15    Spells: 7/17 levels left

rFire   + . .        e - +1 short sword (venom)
rCold   . . .        (no shield)
rNeg    . . .        a - +0 robe
rPois   .            (no helmet)
rElec   .            (no cloak)
rCorr   .            (no gloves)
SInv    .            (no boots)
Will    .....        (no amulet)
Stlth   +            m - ring of protection from fire
HPRegen 0.28/turn    (no ring)
MPRegen 0.15/turn

%: no passive effects
@: gold aura, glowing
A: sense surroundings 1, otherworldly, glowing, explore regen
a: Renounce Religion, Potion Petition, Call Merchant, Bribe Branch


You were on level 5 of the Dungeon.
You worshipped Gozag.
Gozag was noncommittal.
You visited 2 branches of the dungeon, and saw 6 of its levels.

You collected 90 gold pieces.
You paid 56 gold pieces to Gozag.

Inventory:

Hand Weapons
 e - a +1 short sword of venom (weapon)
Armour
 a - a +0 robe (worn)
Jewellery
 m - a ring of protection from fire (left hand)
Scrolls
 g - a scroll of summoning
Potions
 b - 2 potions of magic
 h - a potion of curing {unknown}
 l - a potion of flight {unknown}


   Skills:
 - Level 2.4 Dodging
 - Level 1.4 Stealth
 + Level 5.5 Spellcasting
 - Level 1.2 Conjurations
 * Level 7.9 Fire Magic


You had 7 spell levels left.
You knew the following spells:

 Your Spells              Type           Power      Damage    Failure   Level
a - Foxfire               Conj/Fire      88%        2x1d8     1%          1
b - Scorch                Fire           70%        2d8       1%          2
c - Volatile Blastmotes   Fire/Tloc      40%        2d13      7%          3
d - Flame Wave            Conj/Fire      22%        2d8       19%         4

Your spell library contained the following spells:

 Spells                   Type           Power      Damage    Failure   Level
 Inner Flame              Hex/Fire       20%        N/A       7%          3


Dungeon Overview and Level Annotations

Branches:
Dungeon (5/15) Zot: 2002   Temple (1/1) D:5 Zot: 358

Altars:
Dithmenos
Elyvilon
Fedhas
Gozag
Kikubaaqudgha
Qazlal
Ru
Uskayaw
Xom
Yredelemnul
Zin

Shops:
D:4 [

Annotations:
D:5 Duvessa


Innate Abilities, Weirdness & Mutations

You passively map a small area around you.
You are easily found by Zot.
You glow in the dark.
You regain HP and MP as you explore.


Message History

You conjure some foxfire!
* * * LOW MAGIC WARNING * * *
The foxfire hits something.
The foxfire hits something!
Unknown command.
The foxfire hits Duvessa.
Duvessa is lightly wounded.
The foxfire hits something.
Reactivating autopickup.
You feel a bit more experienced. Duvessa hits you with a +0 rapier!
* * * LOW HITPOINT WARNING * * *
You climb downwards.
Welcome back to the Ecumenical Temple!
There is a staircase back to the Dungeon here.
Unknown command.
Okay, then.
You start waiting.
Magic restored.
There is a staircase back to the Dungeon here.
Okay, then.
You climb upwards.
Welcome back to the Dungeon!
Level annotation: Duvessa Duvessa hits you with a +0 rapier!
Duvessa barely misses you.
The orc throws a boomerang.
The boomerang closely misses you.
There is a staircase to the Ecumenical Temple, spattered with blood here.
Casting: Foxfire (safe; 1% risk of failure)
Confirm with . or Enter, or press ? or * to list all spells.
Flames lash the orc.
You kill the orc!
Duvessa hits you with a +0 rapier!!
* * * LOW HITPOINT WARNING * * *
Casting: Scorch (safe; 1% risk of failure)
Confirm with . or Enter, or press ? or * to list all spells.
Flames lash Duvessa.
Duvessa is lightly wounded.
Duvessa's fire resistance burns away.
You hear a shout!
Duvessa hits you with a +0 rapier!
* * * LOW HITPOINT WARNING * * *
Duvessa hits you with a +0 rapier!
You die...
Your body crumbles into a pile of gold.

, , #......#
#.?..<. ,*
######.....# ,
#..........## *,,
#..##...##..#####.#
#..##...##.........
#...........#....#.
#..$.@e......#...
#....$$........###
#.##...##........#
#.##.$.##........#
#.....$.......###>
#.###.....##.## ,
#.* #........## * ,
* . ...........#
,...........#######


You could see Duvessa (berserk, combustible).

Vanquished Creatures
  Prince Ribbit (Temple)
  Dowan (D:5)
  A sleepcap (D:3)
  An iguana (D:2)
  2 orc wizards (D:5)
  4 adders
  2 gnolls (D:4)
  5 worms
  5 orcs
  4 bats
  6 endoplasms
  A goblin (D:4)
  5 hobgoblins
  2 quokkas (D:2)
  6 ball pythons
  2 kobolds
  6 rats
54 creatures vanquished.

Vanquished Creatures (others)
  65 foxfires
65 creatures vanquished.

Grand Total: 119 creatures vanquished

Notes
Turn   | Place    | Note
-------+----------+-------------------------------------------
     0 | D:1      | lunkers the Meteoran Fire Elementalist began the quest for
                  | the Orb.
     0 | D:1      | Reached XP level 1. HP: 14/14 MP: 5/5
    69 | D:1      | Reached XP level 2. HP: 20/20 MP: 3/6
    76 | D:1      | Reached skill level 4 in Fire Magic
   268 | D:2      | Reached XP level 3. HP: 26/26 MP: 1/8
   299 | D:2      | Reached skill level 5 in Fire Magic
   299 | D:2      | Reached XP level 4. HP: 6/33 MP: 0/10
   315 | D:2      | Learned a level 2 spell: Scorch
   355 | D:2      | Found a shimmering altar of Xom.
   496 | D:2      | Reached XP level 5. HP: 37/38 MP: 0/11
   567 | D:3      | Learned a level 3 spell: Volatile Blastmotes
   572 | D:3      | Learned a level 4 spell: Flame Wave
   881 | D:4      | Found Etuscheto's Antique Armour Boutique.
   892 | D:4      | Reached skill level 6 in Fire Magic
   934 | D:4      | Reached XP level 6. HP: 34/45 MP: 7/13
   964 | D:4      | You fall into a shaft and drop 1 floor!
   964 | D:5      | Entered Level 5 of the Dungeon
   969 | D:5      | Found a staircase to the Ecumenical Temple.
   970 | D:5      | Noticed Dowan
   971 | D:5      | Noticed Prince Ribbit
   978 | Temple   | Entered the Ecumenical Temple
   982 | Temple   | Killed Prince Ribbit
   983 | Temple   | Reached skill level 5 in Spellcasting
   983 | Temple   | Reached skill level 7 in Fire Magic
   983 | Temple   | Reached XP level 7. HP: 32/50 MP: 6/15
  1098 | Temple   | Became a worshipper of Gozag Ym Sagoz the Greedy
  1133 | D:5      | Killed Dowan
  1136 | D:5      | Noticed Duvessa
  1238 | D:5      | Mangled by Duvessa

Illustrated notes

Levels and vault maps discovered:
D:1:      dpeg_arrival_tiny_k, layout_rooms,
          hellmonk_ecumenical_altar_crossroads, minmay_tromino_v4_c
D:2:      layout_loops_ring, basic_altar, nrook_mini_vaults,
          minmay_misc_feat_columns
D:3:      layout_basic, ebering_ghost_reflecting_pool, st_stairs_13
D:4:      layout_basic, old_standard_altar, lemuel_round_altar, serial_shops,
          shop_fountains, hellmonk_no_cap, uniq_pikel
D:5:      layout_rooms, mainiacjoe_overflow_catwalk,
          minmay_temple_entry_stoned_glass, minmay_lizard_king, uniq_duvessa,
          uniq_prince_ribbit1
Temple:   hellmonk_temple_beads

Skill      XL: |  1  2  3  4  5  6 |
---------------+-------------------+-----
Fire Magic     | 4 5 6 7 |  7.9
Spellcasting   | 3 4 5 |  5.5
Dodging        | |  2.4
Stealth        | |  1.4
Conjurations   | |  1.2

Action                     |  1- 3 |  4- 6 |  7- 9 || total
---------------------------+-------+-------+-------++-------
  Melee: Short sword       |    23 |    11 |       ||    34
   Cast: Foxfire           |    25 |       |    15 ||    40
         Scorch            |       |    40 |     2 ||    42
         Volatile Blastmot |       |     1 |       ||     1
    Use: Scroll            |       |       |     7 ||     7
 Armour: Robe              |     1 |     5 |     1 ||     7
  Dodge: Dodged            |    14 |    16 |     4 ||    34

Table legend: (Time is in decaauts)
 A = Elapsed time spent in this place.
 B = Non-inter-level travel time spent in this place.
 C = Inter-level travel time spent in this place.
 D = Time resting spent in this place.
 E = Time spent auto-exploring this place.
 F = Levels seen in this place.
 G = Mean time per level.
                   A        B        C        D        E       F      G
               +--------+--------+--------+--------+--------+-----+--------+
         Total |   1237 |   1169 |     68 |     83 |    665 |   6 |  206.2 |
       Dungeon |    996 |    958 |     38 |      0 |    581 |   5 |  199.2 |
        Temple |    241 |    211 |     30 |     83 |     84 |   1 |  241.0 |
               +--------+--------+--------+--------+--------+-----+--------+

Top non-repeatable levels by time:
     D:3: 359 daAuts
     D:2: 324 daAuts
  Temple: 241 daAuts
     D:1: 211 daAuts
     D:4: 67 daAuts
     D:5: 33 daAuts
